[Event "*** SCC Grand Prix: Titled Tuesday Blitz"]
[Site "Chess.com"]
[Date "2020.06.23"]
[Round "1"]
[White "DishonorOnYourCow"]
[Black "Baby_Legs"]
[Result "0-1"]
[WhiteElo "2306"]
[BlackElo "2624"]
[TimeControl "180+1"]
[EndTime "10:06:57 PDT"]
[Termination "Baby_Legs won on time"]

1. d4 d5 2. c4 e6 3. Nc3 Bb4 4.
Bf4 Nf6 5. e3 O-O 6. cxd5 Nxd5 7.
Qb3 c5 8. Bg3 cxd4 9. exd4 Nc6 10. Nf3 Ba5 11. Rd1 Qb6 12. Qc2 Qxb2 13. Qxb2 Bxc3+ 14. Qxc3 Nxc3 15. Rd2 Nb4 16. Bd6 Nbd5 17. Bxf8 Kxf8 18. Bc4 Nf4 19. O-O b5 20. Bb3 a5 21.
Rc2 a4 22. Kh1 Nfe2 23. Ng1 axb3 24. axb3 Nxg1 25. Kxg1 b4 26. f3 Bb7 27. Re1 Bd5 28. Rb2 Ke7 29. Kf2 Kd6 30. Ke3 Ra3 31. Kd2 Kc6 32. Rc1 Kb5 33. Kd3 Rxb3 34. Rxb3 Bxb3 35. Ra1 Bc4+ 36. Kc2 Na4 37. Re1 b3+ 38. Kb1 Kb4 39. Re5 Bd5 40. Re3 f5 0-1

[Event "*** SCC Grand Prix: Titled Tuesday Blitz"]
[Site "Chess.com"]
[Date "2020.06.23"]
[Round "1"]
[White "korbul"]
[Black "felipelobo"]
[Result "1-0"]
[WhiteElo "2509"]
[BlackElo "2098"]
[TimeControl "180+1"]
[EndTime "10:06:57 PDT"]
[Termination "korbul won by resignation"]

1. e4 c5 2. Nf3 d6 3. d4 cxd4 4.
Nxd4 Nf6 5. Nc3 a6 6. f4 e5 7. Nf3 Qc7 8. a4 Be7 9. Bd3 O-O 10. O-O Be6 11. Kh1 Nbd7 12. fxe5 dxe5 13. Nh4 Nc5 14. Bg5 h6 15. Bxf6 Bxf6 16. Nf5 Bxf5 17. Nd5 Qd8 18. Rxf5 Bg5 19. Qg4 Nxd3 20. cxd3 Kh8 21.
Raf1 Rc8 22. g3 Qd7 23. Rxg5 f5 24. Rgxf5 Rxf5 25. Qxf5 Qxf5 26. Rxf5 Rc1+ 27. Kg2 Rc2+ 28. Rf2 Rc8 29. h4 Kh7 30. h5 b5 31. axb5 axb5 32. Ne7 Re8 33. Ng6 b4 34. Rf8 b3 35.
d4 Rxf8 36. Nxf8+ Kg8 37. d5 Kf7 38. Nd7 Ke7 39. Nc5 Kd6 40. Nxb3 Ke7 41. Nd2 g5 42. g4 Kf6 43. Kf3 Kg7 44. Ke3 Kf7 45. Kd3 Ke7 46. Kc4 Kd7 47. Kc5 Kc7 48. Nf3 Kd7 49.
Nxg5 Ke7 50. Nf3 Kf6 51. b4 Ke7 52. b5 1-0

[Event "*** SCC Grand Prix: Titled Tuesday Blitz"]
[Site "Chess.com"]
[Date "2020.06.23"]
[Round "1"]
[White "yamalchess"]
[Black "hansen"]
[Result "0-1"]
[WhiteElo "2463"]
[BlackElo "3001"]
[TimeControl "180+1"]
[EndTime "10:06:58 PDT"]
[Termination "hansen won by resignation"]

1. d4 Nf6 2. c4 g6 3. Nc3 d5 4.
Bf4 Bg7 5. Qa4+ Bd7 6. Qb3 dxc4 7. Qxb7 Nc6 8. d5 Nd4 9. O-O-O Ng4 10. Nh3 Nf5 11.
Bxc7 Qc8 12. Qxc8+ Rxc8 13. Bf4 O-O 14. e4 Nd6 15. f3 Ne5 16. Nf2 f5 17. Bg5 Rfe8 18.
f4 Nef7 19. e5 Nxg5 20. exd6 Nf7 21. dxe7 Nd6 22. Be2 Rxe7 23. Bf3 Rce8 24. Kd2 Bh6 25. g3 g5 26. fxg5 Bxg5+ 27. Kc2 Re3 28. Bh5 Rb8 29. Rhe1 Kg7 30. Nh3 Rxe1 31. Rxe1 Bf6 32. Nf4 Ne4 33. Nfe2 Nc5 34. Rf1 Nd3 35. Nf4 Rxb2+ 36. Kd1 Bxc3 37. Nxd3 cxd3 38. Kc1 Rxa2 0-1

[Event "*** SCC Grand Prix: Titled Tuesday Blitz"]
[Site "Chess.com"]
[Date "2020.06.23"]
[Round "1"]
[White "Aleksey_Sorokin"]
[Black "Grandmaster2B"]
[Result "1-0"]
[WhiteElo "2880"]
[BlackElo "2443"]
[TimeControl "180+1"]
[EndTime "10:06:58 PDT"]
[Termination "Aleksey_Sorokin won by resignation"]

1. d4 Nf6 2. c4 e6 3. Nf3 b6 4. a3 Bb7 5. Nc3 d5 6. cxd5 Nxd5 7. Qc2 Be7 8. e4 Nxc3 9. bxc3 c5 10. Bb5+ Nd7 11. Ne5 Bc8 12. Bc6 Rb8 13. Bf4 O-O 14. Nxd7 Bxd7 15. Bxd7 Qxd7 16. Bxb8 Rxb8 17. O-O Rc8 18.
Qd3 Bf6 19. Rfd1 Rd8 20. Rac1 h6 21. d5 exd5 22. exd5 Qd6 23. c4 Bd4 24. Rc2 g6 25. Re2 Kg7 26. g3 h5 27. h4 Rh8 28. Kg2 b5 29. cxb5 Qxd5+ 30. Qf3 Qc4 31. Re7 Rf8 32.
Qc6 Qb3 33. Qf3 Qc4 34. Rxa7 Qxb5 35. Re1 Bf6 36. Rd1 c4 37. Rd6 Qe5 38. Raa6 Be7 39. Rd5 Qb2 40. Rd7 Bf6 41. Rc7 c3 1-0

[Event "*** SCC Grand Prix: Titled Tuesday Blitz"]
[Site "Chess.com"]
[Date "2020.06.23"]
[Round "1"]
[White "pedromartinez91"]
[Black "sertalzin"]
[Result "1-0"]
[WhiteElo "2501"]
[BlackElo "2019"]
[TimeControl "180+1"]
[EndTime "10:06:58 PDT"]
[Termination "pedromartinez91 won on time"]

1. e4 c6 2. d4 d5 3. Nc3 dxe4 4. Nxe4 Nf6 5. Nxf6+ exf6 6. Bc4 Bd6 7. Qe2+ Qe7 8. Qxe7+ Kxe7 9. Ne2 Re8 10. Bf4 Be6 11.
Bd3 g6 12. O-O Na6 13. Bxa6 bxa6 14. Bxd6+ Kxd6 15. Rfe1 Rab8 16. b3 a5 17. Nc3 Bf5 18. Rec1 Re7 19. f3 g5 20. Kf2 Rbe8 21. Re1 Rxe1 22.
Rxe1 Rxe1 23. Kxe1 Bxc2 24. Kd2 Bf5 25. Ke3 Be6 26.
Ne4+ Ke7 27. Nc5 Bd5 28. g3 f5 29. f4 f6 30. Kd3 h5 31. h4 gxh4 32. gxh4 Kf7 33.
a3 Ke7 34. Kc3 Kf7 35. Nb7 a4 36. b4 Ke7 37. Nc5 Kd6 38. Nxa4 Kc7 39. Nc5 1-0

[Event "*** SCC Grand Prix: Titled Tuesday Blitz"]
[Site "Chess.com"]
[Date "2020.06.23"]
[Round "1"]
[White "temus_galaktionov"]
[Black "dcremisi"]
[Result "1/2-1/2"]
[WhiteElo "2704"]
[BlackElo "2384"]
[TimeControl "180+1"]
[EndTime "10:06:59 PDT"]
[Termination "Game drawn by repetition"]

1. d4 d5 2. Nf3 Nf6 3. c4 c6 4. Qb3 dxc4 5. Qxc4 b5 6. Qc2 Bb7 7. Bg5 Nbd7 8. Nbd2 e6 9. e4 Be7 10. Bd3 h6 11.
Bh4 O-O 12. O-O Rc8 13. Nb3 a6 14. a4 c5 15. dxc5 Nxc5 16. Nxc5 Rxc5 17. Qe2 Bc6 18.
Rfd1 Qb6 19. e5 Bxf3 20. gxf3 Nd5 21. Qe4 g6 22. Bg3 bxa4 23. Qg4 Kg7 24. Rd2 Qb4 25. Qxb4 Nxb4 26. Be4 Rd8 27. Rxd8 Bxd8 28. Rxa4 a5 29. Bf4 Bg5 30. Bg3 Bc1 31. b3 Bb2 32. f4 Bc1 33.
Kg2 Nd5 34. Bxd5 Rxd5 35. Rc4 Bd2 36. Rc2 Bb4 37. Re2 Rd3 38. Re3 Rd1 39. h3 h5 40.
Bh4 Kf8 41. Re4 Be7 42. Bf6 Bxf6 43. exf6 Rd5 44. Rc4 Ke8 45. Rc8+ Rd8 46. Rc7 Rd7 47. Rc8+ Rd8 48. Rc7 Rd7 49. Rc8+ Rd8 1/2-1/2

[Event "*** SCC Grand Prix: Titled Tuesday Blitz"]
[Site "Chess.com"]
[Date "2020.06.23"]
[Round "1"]
[White "Azatic"]
[Black "ALEXJR20"]
[Result "1-0"]
[WhiteElo "2562"]
[BlackElo "2210"]
[TimeControl "180+1"]
[EndTime "10:06:59 PDT"]
[Termination "Azatic won by resignation"]

1. e4 Nc6 2. Nf3 d5 3. exd5 Qxd5 4. Nc3 Qh5 5. Be2 Bg4 6. O-O Nf6 7. h3 e6 8. d3 Bd6 9. Ne4 Bxh3 10. gxh3 Qxh3 11. Nxd6+ cxd6 12. Bf4 O-O-O 13. Nh2 h5 14. Bf3 Nd4 15. Bg2 Qf5 16. Be3 Nc6 17. Bxc6 bxc6 18. Qf3 Qxf3 19. Nxf3 a6 20. Bg5 Kd7 21. Bxf6 gxf6 22.
Kh2 Rb8 23. b3 Rhg8 24. Rg1 Rg4 25. Nd2 f5 26. f3 Rg6 27. Rxg6 fxg6 28. Rg1 Rg8 29.
Rg5 Ke7 30. Kg3 Kf6 31. f4 e5 32. Kf3 Re8 33. Rg2 c5 34. Nc4 Rd8 35. a4 Rd7 36. a5 Rd8 37. c3 Rd7 38. b4 Rd8 39.
Rg1 exf4 40. Kxf4 d5 41. Ne5 cxb4 42. Rxg6+ Ke7 43. cxb4 Rb8 44. Nc6+ 1-0

[Event "*** SCC Grand Prix: Titled Tuesday Blitz"]
[Site "Chess.com"]
[Date "2020.06.23"]
[Round "1"]
[White "AndreyNeves"]
[Black "Th3_Hound"]
[Result "0-1"]
[WhiteElo "2198"]
[BlackElo "2551"]
[TimeControl "180+1"]
[EndTime "10:06:59 PDT"]
[Termination "Th3_Hound won on time"]

1. d4 Nf6 2. c4 g6 3. g3 d5 4.
cxd5 Nxd5 5. Nf3 Bg7 6. Bg2 O-O 7. O-O Nb6 8. h3 Nc6 9. e3 e5 10. dxe5 Nxe5 11. Nxe5 Bxe5 12. Nc3 c6 13. Qc2 Bf5 14. e4 Be6 15. Bh6 Re8 16. Rad1 Qe7 17. Rfe1 Rad8 18. Qc1 Nc4 19. Kh2 Qc5 20. f4 Rxd1 21. Rxd1 Bh8 22.
e5 Ne3 23. Ne4 Qb6 24. Nf6+ Bxf6 25. exf6 Nxg2 26. Kxg2 Bd5+ 27. Rxd5 cxd5 28. Qd2 d4 29. f5 Qc6+ 30. Kh2 Qd5 31. fxg6 hxg6 32. Bg7 d3 33. Qh6 Re2+ 0-1

[Event "*** SCC Grand Prix: Titled Tuesday Blitz"]
[Site "Chess.com"]
[Date "2020.06.23"]
[Round "1"]
[White "Yuri202062"]
[Black "Alexander_Moskalenko"]
[Result "0-1"]
[WhiteElo "2431"]
[BlackElo "2844"]
[TimeControl "180+1"]
[EndTime "10:07:00 PDT"]
[Termination "Alexander_Moskalenko won on time"]

1. d4 e6 2. c4 d5 3. Nc3 Nf6 4. cxd5 Nxd5 5. e4 Nxc3 6. bxc3 c5 7. Rb1 Be7 8. Nf3 O-O 9. h4 b6 10. h5 h6 11. Bd3 Bb7 12. Rh3 Nd7 13. Rg3 Kh8 14. Qd2 Rg8 15. Qf4 Nf6 16. Ne5 Qe8 17.
Qf3 Rd8 18. Be3 Bd6 19. Bxh6 Bxe5 20. dxe5 Rxd3 21. Qxd3 Nxe4 22. Re3 Qa4 23. Bf4 Nxc3 24. Qxc3 Qxf4 25. f3 Rd8 26. Rd1 Qg3+ 27. Kf1 Rxd1+ 28.
Ke2 Rd8 29. Kf1 Ba6+ 0-1

[Event "*** SCC Grand Prix: Titled Tuesday Blitz"]
[Site "Chess.com"]
[Date "2020.06.23"]
[Round "1"]
[White "MartinMatthiesen"]
[Black "Airquake"]
[Result "0-1"]
[WhiteElo "2340"]
[BlackElo "2666"]
[TimeControl "180+1"]
[EndTime "10:07:00 PDT"]
[Termination "Airquake won by resignation"]

1. d4 Nf6 2. Nf3 e6 3. c4 d5 4.
e3 Nbd7 5. b3 b6 6. Bb2 Bb7 7.
Bd3 Be7 8. O-O O-O 9. Nc3 Ne4 10. Qc2 Ndf6 11. Ne5 h6 12. Ne2 c5 13. Rad1 cxd4 14. Nxd4 Rc8 15. Qe2 Bd6 16. Nb5 Bb8 17. f3 Nc5 18. Bb1 a6 19. Na3 Qc7 20. cxd5 Nxd5 21. f4 Nf6 22. Nc2 Nce4 23. Nd4 Nc3 24. Bxc3 Qxc3 25.
Ndf3 Rfd8 26. Rxd8+ Rxd8 27. h3 Ne4 28. Kh2 f6 29. Nc4 b5 30. Na3 Nd2 31. Rd1 Nxf3+ 32.
Qxf3 Bxf3 33. Rxd8+ Kf7 34. gxf3 Qb2+ 35. Kg3 Bxf4+ 36.
exf4 Qxa3 37. Rd7+ Kf8 38. Bg6 e5 39. f5 Qxa2 40.
Rf7+ Ke8 41. Rxg7+ Kd8 42. b4 Qb1 43. Rf7 Qg1+ 0-1

[Event "*** SCC Grand Prix: Titled Tuesday Blitz"]
[Site "Chess.com"]
[Date "2020.06.23"]
[Round "1"]
[White "Fusikk"]
[Black "HanSchut"]
[Result "1-0"]
[WhiteElo "2558"]
[BlackElo "2211"]
[TimeControl "180+1"]
[EndTime "10:07:00 PDT"]
[Termination "Fusikk won on time"]

1. e4 c5 2. Nf3 d6 3. Bb5+ Nd7 4. O-O a6 5. Bd3 b5 6. c3 Bb7 7. Re1 Ngf6 8. a4 c4 9. Bc2 g6 10. Na3 Qb6 11. d4 cxd3 12. Bxd3 Bc6 13. Be3 Qb7 14. axb5 axb5 15. Nd4 Bxe4 16. Bxe4 Nxe4 17. Naxb5 Rxa1 18. Qxa1 Bg7 19. f3 Nef6 20. Bh6 O-O 21. Bxg7 Kxg7 22. Rxe7 Ra8 23. Qe1 Qb6 24. Nc7 Ra2 25. b4 Ne5 26. h3 h5 27. f4 Nc4 28. Qe6 Rxg2+ 29. Kxg2 Qb7+ 30. Kg1 Qd5 31. Rxf7+ Kh6 32. Nxd5 1-0

[Event "*** SCC Grand Prix: Titled Tuesday Blitz"]
[Site "Chess.com"]
[Date "2020.06.23"]
[Round "1"]
[White "KyrgyzFighter"]
[Black "Arkady_Gitelson"]
[Result "1-0"]
[WhiteElo "2271"]
[BlackElo "2564"]
[TimeControl "180+1"]
[EndTime "10:07:01 PDT"]
[Termination "KyrgyzFighter won by resignation"]

1. c4 g6 2. Nc3 Bg7 3. d4 d6 4. e4 Nf6 5. f3 O-O 6. Be3 Nc6 7. Qd2 a6 8. Rc1 Bd7 9. Nge2 e5 10. d5 Ne7 11. g4 h5 12. gxh5 Nxh5 13.
Bg2 f5 14. O-O f4 15. Bf2 g5 16.
c5 g4 17. c6 bxc6 18. dxc6 Be6 19. Nd5 Nxd5 20. exd5 Bf5 21. fxg4 Bxg4 22. Be4 f3 23. Ng3 Nf4 24. Kh1 Qh4 25. Nf5 Qh3 26. Ne3 Kf7 27.
Bg3 Rh8 28. Nxg4 Qxg3 29. Bxf3 Rh3 30. Qa5 Rah8 31. Qxc7+ Kg8 32. Qd8+ Kh7 33. Be4+ Ng6 34. Bxg6+ Kxg6 35. Qxd6+ Kh7 36. Qe6 Qh4 37. c7 Rg8 38.
c8=Q Rxc8 39. Rxc8 Rxh2+ 40. Nxh2 Qe4+ 41. Rf3 Bh6 42. Rc7+ 1-0

[Event "*** SCC Grand Prix: Titled Tuesday Blitz"]
[Site "Chess.com"]
[Date "2020.06.23"]
[Round "1"]
[White "mbachez"]
[Black "Infernal_XaM"]
[Result "0-1"]
[WhiteElo "2407"]
[BlackElo "2803"]
[TimeControl "180+1"]
[EndTime "10:07:02 PDT"]
[Termination "Infernal_XaM won by resignation"]

1. e4 e5 2. Nf3 Nc6 3. Bb5 Bc5 4. c3 Bb6 5. O-O Nf6 6. d4 Nxe4 7. Re1 d5 8. Nxe5 O-O 9. Nxc6 bxc6 10. Bxc6 Rb8 11.
Ba4 c5 12. Be3 cxd4 13. cxd4 Ba5 14. Re2 f5 15. Bf4 Ba6 16. Bxb8 Qxb8 17. Bb3 Bxe2 18.
Qxe2 Kh8 19. f3 Nf6 20. Nc3 Bc7 21. g3 Re8 22. Qf2 f4 23. g4 Bb6 24. Na4 Re3 25.
Rd1 h6 26. Kg2 Qe8 27. Rd2 Ba5 28. Rc2 Nxg4 29. fxg4 Qe4+ 30. Kf1 Re1+ 31. Qxe1 Qxe1+ 32. Kg2 Qe4+ 33. Kf2 Qe3+ 34. Kg2 f3+ 0-1

[Event "*** SCC Grand Prix: Titled Tuesday Blitz"]
[Site "Chess.com"]
[Date "2020.06.23"]
[Round "1"]
[White "Angry_Twin"]
[Black "ajian"]
[Result "1-0"]
[WhiteElo "2792"]
[BlackElo "2403"]
[TimeControl "180+1"]
[EndTime "10:07:02 PDT"]
[Termination "Angry_Twin won on time"]

1. e4 c5 2. Nf3 Nc6 3. Bb5 g6 4. Bxc6 dxc6 5. d3 Bg7 6. h3 Nf6 7. Nc3 O-O 8. Be3 b6 9. Qd2 e5 10. Bh6 Qd6 11. O-O Nh5 12. Bxg7 Kxg7 13. Ne2 Be6 14.
Ng5 Rad8 15. Qe3 Bc8 16. b3 a5 17. f4 exf4 18. Nxf4 Nxf4 19. Rxf4 Qd4 20. Qxd4+ cxd4 21. e5 f6 22. exf6+ Rxf6 23. Rxf6 Kxf6 24. Nxh7+ Kg7 25. Ng5 Re8 26. Kf2 c5 27. Re1 Rxe1 28. Kxe1 Kf6 29.
Nf3 Bb7 30. Kf2 Bd5 31. g4 g5 32. Kg3 a4 33. Nd2 axb3 34. axb3 b5 35. h4 gxh4+ 36. Kxh4 Ke5 37. Kg3 Bc6 38. Nf3+ Kd5 39. Kf4 Be8 40. Ne5 Kd6 41. g5 Ke6 42. Nf3 Kd5 43. Kf5 c4 44. g6 cxd3 45. cxd3 Bd7+ 46. Kf6 Be8 47. g7 1-0

[Event "*** SCC Grand Prix: Titled Tuesday Blitz"]
[Site "Chess.com"]
[Date "2020.06.23"]
[Round "1"]
[White "Squirlolz"]
[Black "m-garcett"]
[Result "1-0"]
[WhiteElo "2503"]
[BlackElo "2057"]
[TimeControl "180+1"]
[EndTime "10:07:02 PDT"]
[Termination "Squirlolz won by resignation"]

1. b3 e5 2. Bb2 Nc6 3. e3 d6 4. f4 g6 5. Nf3 Bg7 6. Bb5 f6 7. O-O Ne7 8. d4 exf4 9. exf4 d5 10. Bxc6+ Nxc6 11. Re1+ Kf7 12. Nbd2 Bf5 13. Nh4 Qd7 14.
Nxf5 Qxf5 15. Qf3 Rhe8 16. g4 Qd7 17. f5 g5 18. Nf1 Rxe1 19. Rxe1 Nb4 20. Ba3 Bf8 21.
Ne3 Nxa2 22. Bxf8 Rxf8 23. Qxd5+ Qxd5 24. Nxd5 c6 25. Re7+ Kg8 26. Nc7 Nb4 27. Ne6 Rc8 28.
c3 Nd5 29. Rg7+ Kh8 30. c4 Nf4 31. Rxb7 Nxe6 32. fxe6 Re8 33. d5 cxd5 34. cxd5 Rd8 35. e7 1-0

[Event "*** SCC Grand Prix: Titled Tuesday Blitz"]
[Site "Chess.com"]
[Date "2020.06.23"]
[Round "1"]
[White "BillieKimbah"]
[Black "SiddharthGMJagadeesh"]
[Result "1-0"]
[WhiteElo "2848"]
[BlackElo "2437"]
[TimeControl "180+1"]
[EndTime "10:07:03 PDT"]
[Termination "BillieKimbah won by resignation"]

1. d4 Nf6 2. Nf3 g6 3. Bg5 Bg7 4. Nbd2 O-O 5. e3 d6 6. Bc4 c5 7.
O-O b6 8. c3 Bb7 9. Qe2 Nbd7 10. e4 h6 11. Bh4 g5 12. Bg3 Nh5 13. Rfe1 Rc8 14. d5 Re8 15. Nf1 Nf8 16. Rad1 Ng6 17. Ne3 Nxg3 18. hxg3 e6 19. dxe6 fxe6 20. Nf5 d5 21.
Nxg7 Kxg7 22. Bb5 Rf8 23. exd5 exd5 24. Ne5 Nxe5 25. Qxe5+ Qf6 26. f3 Rf7 27. Ba4 Qxe5 28. Rxe5 Kf6 29. Rde1 d4 30. cxd4 cxd4 31. Bb3 Rfc7 32.
Re6+ Kg7 33. Kf2 Ba6 34. Rd6 d3 35. Ree6 Rc2+ 36. Kg1 Rc1+ 37. Kh2 Rb1 38. Rg6+ Kf8 39. Rdf6+ Ke7 40. Rf7+ 1-0

[Event "*** SCC Grand Prix: Titled Tuesday Blitz"]
[Site "Chess.com"]
[Date "2020.06.23"]
[Round "1"]
[White "Firegrizzly"]
[Black "Alindsay211"]
[Result "1-0"]
[WhiteElo "2571"]
[BlackElo "2238"]
[TimeControl "180+1"]
[EndTime "10:07:03 PDT"]
[Termination "Firegrizzly won by resignation"]

1. d4 Nf6 2. Nf3 g6 3. Nc3 d5 4.
Bf4 Bg7 5. Qd2 h6 6. O-O-O Bg4 7. Ne5 Nbd7 8. Nxg4 Nxg4 9. e3 Ngf6 10. h4 c6 11. Be2 Qa5 12. Kb1 b6 13. g4 h5 14.
g5 Nh7 15. e4 dxe4 16. Nxe4 Qxd2 17. Rxd2 O-O 18. Re1 Rfe8 19. Bf3 Rac8 20. Bg3 Nhf8 21. c3 Ne6 22. Bg2 Bh8 23. Bh3 Ndf8 24. Rde2 Rcd8 25. Nd2 c5 26. dxc5 Nxc5 27. Nc4 Nfe6 28. Re3 Nd3 29. Rd1 Ndf4 30. Rxd8 Rxd8 31. Bxe6 Nxe6 32. a4 Rd1+ 33. Kc2 Rh1 34. a5 b5 35. Na3 b4 36. cxb4 Bd4 37.
Rd3 Rf1 38. Rd2 a6 39. b5 axb5 40. Nxb5 Bc5 41. Nc3 Ra1 42. Ne4 Rxa5 43. Nxc5 Rxc5+ 44. Kb3 Rb5+ 45. Ka4 Rb7 46. b4 f5 47. gxf6 exf6 48. Rd6 Kf7 49. Ka5 f5 50. Be5 Nc7 51.
Rd7+ Ke6 52. Rxc7 Rb8 53. Rc5 1-0

[Event "*** SCC Grand Prix: Titled Tuesday Blitz"]
[Site "Chess.com"]
[Date "2020.06.23"]
[Round "1"]
[White "jlandaw"]
[Black "zala02"]
[Result "1-0"]
[WhiteElo "2542"]
[BlackElo "2173"]
[TimeControl "180+1"]
[EndTime "10:07:03 PDT"]
[Termination "jlandaw won by resignation"]

1. e4 c5 2. Nc3 Nc6 3. g3 g6 4. Bg2 Bg7 5. d3 d6 6. f4 e6 7. Nf3 Nge7 8. O-O O-O 9. Be3 b6 10. d4 cxd4 11. Nxd4 Bb7 12. Rf2 f5 13. Nxc6 Bxc6 14.
Rd2 d5 15. exd5 exd5 16. Bd4 Bf6 17. Bxf6 Rxf6 18. Nxd5 Nxd5 19. Bxd5+ Bxd5 20. Rxd5 Qc7 21. Qd4 Re6 22. Rd7 Qc5 23. Qxc5 bxc5 24. Rad1 Re2 25.
R1d2 Re1+ 26. Kf2 Ra1 27. Rb7 Rxa2 28. Rdd7 Ra6 29. Rg7+ Kf8 30. Rxh7 Kg8 31. Kg2 Rb6 32. Kh3 Rxb7 33. Rxb7 a5 34. Kh4 a4 35. Kg5 Ra6 36. Rb5 a3 37. bxa3 Rxa3 38. Kxg6 Kf8 39. Rxc5 1-0

[Event "*** SCC Grand Prix: Titled Tuesday Blitz"]
[Site "Chess.com"]
[Date "2020.06.23"]
[Round "1"]
[White "Bayernbk"]
[Black "SergeyKarjakin"]
[Result "0-1"]
[WhiteElo "2456"]
[BlackElo "2958"]
[TimeControl "180+1"]
[EndTime "10:07:04 PDT"]
[Termination "SergeyKarjakin won by checkmate"]

1. e4 c6 2. Nf3 d5 3. exd5 cxd5 4. Ne5 Nf6 5. d4 g6 6. c3 Bg7 7. Bd3 O-O 8. Nd2 Nbd7 9. Qe2 Ne8 10. O-O Nd6 11. Re1 Nf6 12. Ndf3 Bf5 13. Bf4 Bxd3 14.
Nxd3 e6 15. Nc5 b6 16. Na6 Rc8 17. a4 Nc4 18. Ne5 h5 19. h3 Re8 20. Rec1 Ne4 21. f3 Ned6 22. b3 Nxe5 23. Bxe5 Bh6 24. Rc2 Nf5 25. a5 Be3+ 26. Kh2 Qg5 27. axb6 f6 28. g4 fxe5 29. gxf5 axb6 30. fxg6 exd4 31. cxd4 Rxc2 32. Qxc2 Bxd4 33. Re1 Qf4+ 34. Kg2 Be5 35. Qf2 Qh2+ 36. Kf1 Qxh3+ 37. Ke2 Rc8 38. Qxb6 Qg2+ 39. Kd1 Qc2# 0-1

[Event "*** SCC Grand Prix: Titled Tuesday Blitz"]
[Site "Chess.com"]
[Date "2020.06.23"]
[Round "1"]
[White "K-Nygren"]
[Black "politeplayer"]
[Result "1-0"]
[WhiteElo "2541"]
[BlackElo "2167"]
[TimeControl "180+1"]
[EndTime "10:07:04 PDT"]
[Termination "K-Nygren won by checkmate"]

1. e4 c5 2. Nf3 e6 3. d4 cxd4 4. Nxd4 Nc6 5. Nxc6 bxc6 6. Nd2 d5 7. Bd3 Nf6 8. Qe2 Be7 9. O-O O-O 10. Rd1 Qc7 11. e5 Nd7 12. f4 Nc5 13. Nf1 a5 14. Ng3 Nxd3 15. cxd3 f5 16. Be3 c5 17. Rac1 Ba6 18.
Qf2 Rac8 19. Ne2 Qb7 20. Bxc5 Bxc5 21. Rxc5 Rxc5 22. Qxc5 Qxb2 23. Nd4 Bc8 24. Nc6 Qe2 25.
Rf1 Ba6 26. Ne7+ Kf7 27. Qc7 Bxd3 28. Nxf5+ Kg6 29. Qxg7+ Kxf5 30. Qxh7+ Kg4 31. Qh3# 1-0

[Event "*** SCC Grand Prix: Titled Tuesday Blitz"]
[Site "Chess.com"]
[Date "2020.06.23"]
[Round "1"]
[White "londonkid"]
[Black "Zurability"]
[Result "0-1"]
[WhiteElo "2341"]
[BlackElo "2670"]
[TimeControl "180+1"]
[EndTime "10:07:05 PDT"]
[Termination "Zurability won by checkmate"]

1. d4 Nf6 2. c4 e6 3. Nf3 b6 4. g3 Bb7 5. Bg2 Be7 6. O-O O-O 7. Nc3 d5 8. Ne5 Re8 9. b3 Nbd7 10. Bb2 c5 11. e3 Rc8 12. Rc1 Ba8 13. Nb5 a6 14. Nc3 cxd4 15. exd4 dxc4 16. Bxa8 Rxa8 17. Nxc4 b5 18.
Ne3 Nb6 19. Qf3 Qd7 20. Rfd1 Red8 21. Ne4 Nxe4 22. Qxe4 Nd5 23. Nxd5 Qxd5 24. Qxd5 Rxd5 25. Rc7 Bf6 26. Rdc1 g6 27. Rb7 Bd8 28. Rc5 Rd6 29. a4 bxa4 30. bxa4 Kf8 31. Ba3 Ke8 32. Rc4 Rb6 33.
Rxb6 Bxb6 34. Bc5 Ba5 35. Bb4 Bd8 36. Bc5 Rb8 37. Kg2 Kd7 38. Kf3 Rb3+ 39. Ke4 Bc7 40. Rb4 f5# 0-1

[Event "*** SCC Grand Prix: Titled Tuesday Blitz"]
[Site "Chess.com"]
[Date "2020.06.23"]
[Round "1"]
[White "attack2mateU"]
[Black "Pintacara"]
[Result "1-0"]
[WhiteElo "2660"]
[BlackElo "2338"]
[TimeControl "180+1"]
[EndTime "10:07:05 PDT"]
[Termination "attack2mateU won on time"]

1. e4 c5 2. Nf3 e6 3. d4 cxd4 4. Nxd4 a6 5. Nc3 Qc7 6. Bd3 Nf6 7. f4 d6 8. Qe2 Nbd7 9. g4 g6 10. Bd2 b5 11. a3 Bb7 12. O-O-O Rc8 13. Kb1 Bg7 14.
Rhe1 Nxg4 15. Nxe6 fxe6 16. Qxg4 Nc5 17. f5 O-O 18.
fxg6 h6 19. Qh3 Rf2 20. Rf1 Rcf8 21. Rxf2 Rxf2 22. Bxh6 Bxc3 23. Be3 Nxd3 24. Rxd3 Bxe4 25. Qxe6+ Kg7 26. Bh6+ Kxh6 27. Rh3+ Kg5 28. Rg3+ Kf4 29. Rg4+ Ke3 30. Qxe4+ Kd2 31. Qd3+ Ke1 32. Rg1+ 1-0

[Event "*** SCC Grand Prix: Titled Tuesday Blitz"]
[Site "Chess.com"]
[Date "2020.06.23"]
[Round "1"]
[White "kidagent"]
[Black "verdest"]
[Result "0-1"]
[WhiteElo "2196"]
[BlackElo "2548"]
[TimeControl "180+1"]
[EndTime "10:07:05 PDT"]
[Termination "verdest won by resignation"]

1. e4 c5 2. Nf3 Nc6 3. d4 cxd4 4.
Nxd4 Nf6 5. Nc3 e5 6. Ndb5 d6 7. Bg5 a6 8. Na3 b5 9. Nd5 Be7 10. Bxf6 Bxf6 11. c3 Bg5 12. Bd3 O-O 13. O-O Be6 14.
Nc2 Rb8 15. Nce3 Ne7 16. Re1 Bxd5 17. Nxd5 Nxd5 18. exd5 f5 19. f3 Qb6+ 20. Kh1 b4 21. c4 a5 22. b3 Rbe8 23. Qc2 g6 24. Re2 Qc5 25. Rae1 Kg7 26. g3 Re7 27. Kg2 Ra8 28. h4 Bf6 29. h5 a4 30. hxg6 hxg6 31. bxa4 Rea7 32. Bxf5 gxf5 33. Qxf5 Qc8 34. Qh5 Qe8 35. Qh3 Qg6 36. Re4 Rxa4 37. Rg4 Rxa2+ 38. Kf1 Bg5 39. f4 Rh8 40. Rxg5 Rxh3 41. Rxg6+ Kxg6 0-1

[Event "*** SCC Grand Prix: Titled Tuesday Blitz"]
[Site "Chess.com"]
[Date "2020.06.23"]
[Round "1"]
[White "rududuyk"]
[Black "chessplayer9919"]
[Result "0-1"]
[WhiteElo "2167"]
[BlackElo "2540"]
[TimeControl "180+1"]
[EndTime "10:07:05 PDT"]
[Termination "chessplayer9919 won on time"]

1. e4 c6 2. d4 d5 3. exd5 cxd5 4. c4 Nc6 5. Nc3 Nf6 6. Bg5 e6 7. Nf3 Be7 8. Bd3 h6 9. Bf4 O-O 10. O-O dxc4 11. Bxc4 b6 12. a3 Bb7 13. Qd3 Rc8 14. Rad1 Na5 15. Ba2 Nd5 16. Bb1 f5 17. Bc1 Nxc3 18.
bxc3 Be4 19. Qb5 Bxb1 20. Qxb1 Rxc3 21. Ne5 Bf6 22. Bd2 Rc8 23. Bb4 Re8 24. Rfe1 Qc7 25.
Qa2 Nc4 26. Rc1 Bxe5 27. Rxe5 Nxe5 28. Rxc7 Rxc7 29. h3 Nd3 30. d5 Nxb4 31. axb4 exd5 32. Qxd5+ Rf7 33. Kh2 Re7 34. Kg3 Kh7 35. Qd3 Re4 36.
f3 Rxb4 37. Kh2 a5 38. Qd5 Rf6 39. g4 fxg4 40. hxg4 Rbf4 41. Qd3+ g6 42. Qd7+ Rf7 43. Qd8 Rxf3 44. Qxb6 Rf2+ 45. Kg1 a4 46. Qb5 R2f4 47.
Qc5 Rxg4+ 48. Kh2 h5 49. Qb6 Rgf4 50. Kg3 a3 0-1

[Event "*** SCC Grand Prix: Titled Tuesday Blitz"]
[Site "Chess.com"]
[Date "2020.06.23"]
[Round "1"]
[White "Elegance_Riks"]
[Black "monalize"]
[Result "1-0"]
[WhiteElo "2599"]
[BlackElo "2258"]
[TimeControl "180+1"]
[EndTime "10:07:06 PDT"]
[Termination "Elegance_Riks won by checkmate"]

1. e4 c6 2. Nf3 d5 3. Nc3 dxe4 4. Nxe4 Bf5 5. Ng3 Bg6 6. Ne5 Nd7 7. Nxg6 hxg6 8. d4 e6 9. c3 Ngf6 10. Bf4 Nd5 11. Bd2 Bd6 12. Bd3 Qc7 13. Qc2 c5 14. dxc5 Nxc5 15. Bb5+ Kf8 16. O-O-O a6 17. Be2 Rc8 18.
Kb1 b5 19. Bf3 Nb6 20. Ne4 Nxe4 21. Bxe4 Nc4 22. Bc1 Kg8 23. Bd3 Be5 24. g3 Nb6 25. f4 Bf6 26. h4 Qb8 27. g4 Nd5 28. g5 Be7 29. h5 gxh5 30. f5 Nb4 31. Qf2 Nxd3 32.
Rxd3 Rd8 33. Rf3 Qd6 34. f6 Bf8 35. a3 Rd7 36. Rf1 Rh7 37. fxg7 Rxg7 38. Rh1 Rh7 39. Rf6 Bg7 40. g6 fxg6 41. Rxg6 Kh8 42. Rhg1 h4 43. Bf4 Qd3+ 44. Ka1 Rf7 45. Qg2 h3 46. Qa8+ Rf8 47.
Qxf8+ Bxf8 48. Rg8# 1-0